AoeStats
← | ArCas | Ahsoka Tano

Fortress

508749306Analyzed
4v4 RM · 7d ago on Sep 23, 2026· 38m 23s· 8 players
Game mode
Random Map
Map size
Huge
Population
200
Speed
Normal
Resources
Standard
Victory
Conquest
Starting age
Dark Age
Ending age
Imperial Age
RankedLock teamsTeams togetherTeam positionsShared explorationLock speedFull tech treeHidden civsTurbo modeCheats
Victory
Defeat
🇦🇷 Romans · Argentina
1316
+14
🇺🇸 Bohemians · United States
1297
+15
🇨🇴 Britons · Colombia
1289
+15
🇧🇷 Cumans · Brazil
1273
+16
🇺🇸 Khmer · United States
1356
-18
🇪🇸 Persians · Spain
1271
-15
🇯🇴 Danes · Jordan
1245
-14
🇨🇴 Koreans · Colombia
1225
-13
Mionel Lessi
3:46 Loom
6:28 Feudal Age
6:49 Horse Collar
7:46 Wheelbarrow
6:57 Double-Bit Axe
17:48 Castle Age
15:51 Stone Mining
16:27 Gold Mining
19:09 Hand Cart
18:40 Town Watch
19:33 Gold Shaft Mining
19:10 Bow Saw
19:03 Heavy Plow
26:57 Imperial Age
24:36 Scale Barding Armor
24:42 Forging
24:38 Steppe Husbandry
25:40 Chain Barding Armor
25:11 Fletching
25:59 Iron Casting
28:25 Plate Barding Armor
28:50 Blast Furnace
28:12 Conscription
27:14 Elite Steppe Lancer
28:05 Bloodlines
29:08 Two-Man Saw
28:41 Crop Rotation
bailey
7:21 Feudal Age
8:37 Double-Bit Axe
11:09 Castle Age
9:06 Horse Collar
12:59 Bow Saw
18:18 Wheelbarrow
20:07 Hand Cart
23:54 Imperial Age
21:53 Loom
22:14 Heavy Plow
24:05 Chemistry
24:12 Fortified Wall
24:05 Pikeman
24:46 Squires
24:07 Elite Skirmisher
25:57 Two-Man Saw
25:56 Wagenburg Tactics
26:14 Conscription
26:22 Houfnice
27:51 Caravan
27:40 Arson
30:48 Wagenburg Tactics
30:56 Siege Engineers
31:15 Ballistics
34:37 Halberdier
35:18 Murder Holes
36:21 Padded Archer Armor
36:12 Fletching
[IMGG]Poncho
8:25 Feudal Age
12:02 Castle Age
10:08 Double-Bit Axe
10:32 Gold Mining
20:07 Imperial Age
17:54 Fletching
18:59 Loom
19:38 Ballistics
19:56 Bodkin Arrow
23:05 Chemistry
23:12 Bracer
23:41 Padded Archer Armor
24:52 Leather Archer Armor
25:23 Conscription
27:58 Ring Archer Armor
28:32 Yeomen
28:37 Murder Holes
32:25 Town Watch
34:41 Masonry
| ArCas | Ahsoka Tano
4:26 Loom
7:25 Feudal Age
11:10 Castle Age
9:52 Horse Collar
10:00 Double-Bit Axe
10:58 Loom
12:31 Bow Saw
17:45 Heavy Plow
20:30 Wheelbarrow
24:40 Imperial Age
23:12 Scale Mail Armor
23:22 Forging
22:44 Man-at-Arms
22:44 Pikeman
23:25 Squires
23:51 Town Watch
25:39 Chain Mail Armor
25:59 Iron Casting
25:53 Conscription
28:42 Chemistry
28:03 Ballistics
28:43 Halberdier
33:24 Blast Furnace
34:40 Caravan
36:29 Gold Mining
36:30 Stone Mining
36:13 Capped Ram
38:38 Ballistas
39:09 Comitatenses
TheAngryHog
6:52 Feudal Age
9:40 Castle Age
8:08 Double-Bit Axe
17:02 Bow Saw
18:24 Horse Collar
18:37 Stone Mining
19:03 Town Watch
19:57 Wheelbarrow
20:25 Loom
20:58 Heavy Plow
20:52 Gold Mining
26:53 Imperial Age
24:39 Hand Cart
24:25 Town Patrol
25:04 Gold Shaft Mining
28:05 Stone Shaft Mining
28:43 Chemistry
28:06 Ballistics
27:53 Scale Barding Armor
27:39 Fletching
28:01 Bloodlines
27:52 Husbandry
28:17 Conscription
28:55 Crop Rotation
28:43 Masonry
28:30 Murder Holes
28:58 Chain Barding Armor
28:44 Double Crossbow
29:20 Hoardings
28:06 Elite Ballista Elephant
29:37 Bodkin Arrow
29:50 Siege Engineers
30:53 Siege Engineers
32:37 Architecture
33:06 Plate Barding Armor
32:31 Bracer
Alejandro_Cao
2:17 Loom
7:29 Feudal Age
11:56 Castle Age
10:28 Double-Bit Axe
11:22 Horse Collar
13:36 Bow Saw
19:26 Heavy Plow
20:01 Stone Mining
21:49 Wheelbarrow
26:18 Imperial Age
24:27 Fletching
24:44 Town Watch
25:09 Bodkin Arrow
26:21 Ballistics
26:12 Masonry
27:01 Conscription
26:52 Scale Barding Armor
26:58 Forging
27:51 Chemistry
27:32 Crop Rotation
27:35 Bloodlines
27:26 Husbandry
28:55 Architecture
28:44 Kamandaran
29:45 Crossbowman
30:31 Thumb Ring
30:23 Light Cavalry
31:31 Cavalier
33:55 Chain Barding Armor
34:55 Hand Cart
38:34 Citadels
Kestrel
7:55 Feudal Age
9:19 Double-Bit Axe
13:21 Castle Age
11:10 Loom
11:15 Horse Collar
11:51 Stone Mining
12:23 Gold Mining
14:29 Heavy Plow
18:19 Bow Saw
20:44 Wheelbarrow
25:29 Imperial Age
24:46 Scale Barding Armor
25:01 Fortified Wall
27:23 Chemistry
27:06 Gold Shaft Mining
27:08 Stone Shaft Mining
27:29 Hand Cart
27:00 Town Watch
28:37 Ballistics
29:11 Chain Barding Armor
28:42 Fletching
29:20 Conscription
29:13 Eupseong
30:38 Shinkichon
30:43 Elite War Wagon
Sir_FatLion
8:28 Feudal Age
12:10 Castle Age
12:51 Loom
13:25 Double-Bit Axe
13:22 Horse Collar
16:20 Heavy Plow
16:33 Bow Saw
20:08 Wheelbarrow
20:21 Gold Mining
20:23 Stone Mining
25:04 Imperial Age
23:26 Squires
24:05 Pikeman
25:51 Scale Mail Armor
25:13 Capped Ram
27:10 Halberdier
28:14 Chain Mail Armor
27:23 Siege Ram
28:09 Northmen's Fury
29:57 Conscription
30:54 Plate Mail Armor
30:36 Forging
31:09 Hamask
33:19 Iron Casting
35:57 Blast Furnace
35:14 Onager
35:21 Onager
37:37 Siege Engineers
Connection lost

Rejoining the realm…

Still unreachable

The connection could not be restored.

Session expired

The server has moved on; the page needs a fresh start.